 Dungeon Crawl Stone Soup version 0.28-a0-973-ga7f8b01127 (webtiles) character file.

Game seed: 1722060764487844258

1255 browni3141 the Covered (level 8, 0/66 HPs)
             Began as a Demigod Fighter on Dec 1, 2021.
             Slain by a ball python (1 damage)
             ... in a sewer.
             The game lasted 00:15:45 (8189 turns).

browni3141 the Covered (Demigod Fighter)            Turns: 8189, Time: 00:15:45

Health: 0/66       AC: 14    Str: 17    XL:     8   Next: 5%
Magic:  10/10      EV:  6    Int: 10    God:
Gold:   297        SH:  0    Dex: 21    Spells: 7/7 levels left

rFire   . . .      SeeInvis .   z - +0 scimitar (vorpal)
rCold   . . .      Faith    .   (no shield)
rNeg    . . .      Spirit   .   k - +0 chain mail
rPois   .          Reflect  .   y - +2 helmet
rElec   .          Harm     .   (no cloak)
rCorr   .          Rampage  .   v - +0 pair of gloves
Will    .....                   (no boots)
Stlth   ..........              m - amulet of the acrobat
HPRegen 0.21/turn               (no ring)
MPRegen 0.12/turn               (no ring)

@: mighty, lethally poisoned (0 -> -3), constricted
A: high mp 1, forlorn, divine attributes
a: no special abilities


You were in a sewer.
You visited 1 branch of the dungeon, and saw 5 of its levels.
You also visited: Sewer.

You collected 297 gold pieces.

Inventory:

Hand Weapons
 a - a +0 long sword
 w - a +0 great sword
 z - a +0 vorpal scimitar (weapon)
Missiles
 l - 61 bolts
 r - 96 sling bullets
 A - 19 arrows
Armour
 b - a +0 scale mail
 c - a +0 buckler
 g - a scarf of harm
 k - a +0 chain mail (worn)
 v - a +0 pair of gloves (worn)
 y - a +2 helmet (worn)
Jewellery
 h - a ring of fire
 m - an amulet of the acrobat (around neck)
Wands
 t - a wand of flame (11)
Scrolls
 i - 5 scrolls of noise
 j - 2 scrolls of identify
 o - 2 scrolls of enchant armour {unknown}
 p - 3 scrolls of fear
 q - 2 scrolls of fog {unknown}
 u - a scroll of enchant weapon {unknown}
 x - a scroll of holy word {unknown}
 C - a scroll of acquirement {unknown}
 D - a scroll of teleportation {unknown}
 E - a scroll of immolation {unknown}
Potions
 e - 2 potions of curing
 f - a potion of flight {unknown}
 n - a potion of degeneration {unknown}
 s - a potion of brilliance {unknown}
 B - 3 potions of heal wounds {unknown}
 F - a potion of haste {unknown}
 G - a potion of magic {unknown}


   Skills:
 - Level 4.0 Fighting
 * Level 4.2 Long Blades
 + Level 4.9 Armour
 + Level 3.9 Dodging
 - Level 3.4 Shields
 * Level 4.1 Evocations


You had 7 spell levels left.
You didn't know any spells.
Your spell library contained the following spells:

 Spells                   Type           Power      Damage    Failure   Level
 Magic Dart               Conj           0%         1d3       99%         1
 Call Imp                 Summ           0%         N/A       100%        2
 Static Discharge         Conj/Air       0%         N/A       100%        2
 Mephitic Cloud           Conj/Pois/Air  0%         N/A       100%        3
 Portal Projectile        Hex/Tloc       0%         N/A       100%        3
 Dispel Undead            Necr           0%         3d6       100%        4
 Sticky Flame             Conj/Fire      0%         2d3       100%        4
 Blade Hands              Tmut           0%         N/A       100%        5
 Excruciating Wounds      Necr           0%         N/A       100%        5


Dungeon Overview and Level Annotations

Branches:
Dungeon (5/15)              Sewer (1/1)
 Temple: D:4-7

Shops:
D:3 *

Annotations:
D:5 1 runed translucent door


Innate Abilities, Weirdness & Mutations

You have an increased reservoir of magic. (+10% MP)
You shall have no god before yourself.
Your divine heritage dramatically boosts your attributes as you level up.


Message History

* * * LOW HITPOINT WARNING * * *
The ball python barely misses you.
You feel better. The bullfrog hits you.
* * * LOW HITPOINT WARNING * * *
The bullfrog barely misses you.
The ball python bites you but does no damage.
The ball python constricts you.
The bullfrog hits you but does no damage.
The ball python bites you but does no damage.
The bullfrog barely misses you.
You closely miss the bullfrog.
The adder hisses angrily.
The ball python closely misses you. The ball python constricts you.
The bullfrog closely misses you. The bullfrog hits you.
* * * LOW HITPOINT WARNING * * *
The ball python barely misses you.
The ball python bites you but does no damage.
The ball python constricts you.
* * * LOW HITPOINT WARNING * * *
The bullfrog barely misses you.
You slash the bullfrog!
The bullfrog is almost dead.
The bullfrog hits you.
* * * LOW HITPOINT WARNING * * *
The ball python closely misses you.
The bullfrog hits you but does no damage.
The bullfrog hits you.
* * * LOW HITPOINT WARNING * * *
The ball python bites you but does no damage.
The ball python constricts you.
You hit the bullfrog.
You kill the bullfrog!
The ball python bites you but does no damage.
The bullfrog hits you.
* * * LOW HITPOINT WARNING * * *
The adder bites you.
* * * LOW HITPOINT WARNING * * *
You are lethally poisoned!
The adder poisons you! The ball python bites you.
You die...

#.≈≈...##..#
#.≈≈.≈
#≈≈≈≈≈≈#####
#≈≈≈≈≈
#≈≈≈≈≈≈#
#≈≈≈≈≈
#≈≈≈≈≈≈#
#≈≈≈≈≈
#≈≈≈≈≈≈#
#≈≈≈≈≈
#≈≈≈≈≈≈#
#††≈≈≈
#≈≈≈≈≈≈#
#≈.≈.≈
#≈≈S≈≈≈#
#≈..[.
#S@≈≈≈≈#
##≈≈..
#≈SF≈≈≈#
#≈≈≈≈≈
#≈≈≈≈≈≈#
#≈≈≈≈≈
#≈#≈≈≈≈#
#≈≈≈≈≈
#≈≈≈≈≈≈#
#≈≈≈≈≈
#≈≈≈≈≈≈#
#≈≈≈≈≈ #≈
≈≈≈≈# #≈≈≈≈≈
#≈ ≈#≈≈#
#≈≈≈≈≈ #.
≈≈.## #....≈


You could see a bullfrog, an adder and 2 ball pythons.

Vanquished Creatures
  Eustachio (D:4)
  A sky beast (D:3)
  2 ogres
  2 scorpions
  A bullfrog (Sewer)
  2 hounds (D:4)
  3 orc priests
  2 iguanas
  Jessica (D:3)
  Natasha (thrice) (D:3)
  4 orc wizards
  7 gnolls
  3 river rats
  11 adders
  An adder skeleton (D:4)
  A worm (D:5)
  2 dart slugs (D:5)
  17 orcs
  5 bats
  6 endoplasms
  4 giant cockroaches
  7 goblins
  10 hobgoblins
  2 jackals (D:3)
  7 kobolds
  5 quokkas
  19 ball pythons
  6 frilled lizards
  31 rats
  A spectral hobgoblin (D:1)
167 creatures vanquished.

Notes
Turn   | Place    | Note
-------+----------+-------------------------------------------
     0 | D:1      | browni3141 the Demigod Fighter began the quest for the Orb.
     0 | D:1      | Reached XP level 1. HP: 18/18 MP: 3/3
   171 | D:1      | Reached XP level 2. HP: 15/25 MP: 4/4
   655 | D:1      | Reached skill level 1 in Dodging
  1248 | D:3      | Reached XP level 3. HP: 30/31 MP: 5/5
  2252 | D:3      | Found Fur Hes's Assorted Antiques.
  2676 | D:3      | Noticed Natasha
  2687 | D:3      | Killed Natasha
  2688 | D:3      | Reached XP level 4. HP: 11/38 MP: 6/6
  3381 | D:3      | Noticed Natasha
  3388 | D:3      | Killed Natasha
  3431 | D:3      | Noticed Natasha
  3439 | D:3      | Killed Natasha
  3652 | D:3      | Reached XP level 5. HP: 46/46 MP: 7/7
  4327 | D:3      | Noticed Jessica
  4343 | D:3      | Killed Jessica
  4344 | D:3      | Reached skill level 1 in Evocations
  5149 | D:4      | Reached XP level 6. HP: 48/52 MP: 8/8
  5880 | D:4      | Noticed Eustachio
  6362 | D:3      | Reached XP level 7. HP: 59/59 MP: 9/9
  6676 | D:4      | Killed Eustachio
  7402 | D:5      | Entered Level 5 of the Dungeon
  7688 | D:5      | Found a runed translucent door.
  7824 | D:5      | Found a glowing drain.
  7828 | Sewer    | Entered a sewer
  8033 | Sewer    | Reached XP level 8. HP: 66/66 MP: 10/10
  8183 | Sewer    | HP: 3/66 [ball python (1)]
  8189 | Sewer    | HP: 2/66 [bullfrog (3)]
  8189 | Sewer    | Slain by a ball python

Illustrated notes

Levels and vault maps discovered:
D:1:      beargit_arrival_greenhouse, layout_loops_ring,
          dreamdust_ecumenical_altar_drowned_temple
D:2:      minmay_skewed_foursquare, layout_basic
D:3:      layout_basic, serial_co_window_serial, co_window_paths_a,
          co_window_of_opportunity_a, co_window_paths_a, co_window_paths_b,
          co_window_paths_a, co_window_broadway_b, co_window_corner_b,
          co_window_corner_cb, co_window_sun, glass_columns_c, glass_columns_a,
          glass_columns_b, serial_shops, shop, kennysheep_generic_room_14,
          uniq_natasha, uniq_jessica
D:4:      layout_loops_cross, kennysheep_orc_sif_temple, uniq_eustachio
D:5:      layout_loops_ring, gup_sewer_entry_bowl,
          chequers_serial_rivers_micro_b, minmay_door_square, minivault_14,
          uniq_crazy_yiuf_cottage
Sewer:    sewer_minmay_w

Skill      XL: |  1  2  3  4  5  6  7 |
---------------+----------------------+-----
Fighting       | 3 4 |  4.0
Dodging        | 1 2 3 |  3.9
Armour         | 3 4 |  4.9
Shields        | 3 |  3.4
Evocations     | 1 2 4 |  4.1
Long Blades    | 2 4 |  4.2

Action                   |  1- 3 |  4- 6 |  7- 9 || total
-------------------------+-------+-------+-------++-------
Melee: Long sword        |   175 |   127 |       ||   302
       Great sword       |       |    69 |    37 ||   106
       Scimitar          |       |       |   154 ||   154
Evoke: Wand              |       |     4 |    17 ||    21
  Use: Potion            |       |     1 |     3 ||     4
       Scroll            |       |       |     2 ||     2
Armor: Scale mail        |    29 |       |       ||    29
       Chain mail        |    48 |   124 |   232 ||   404
Dodge: Dodged            |    92 |    87 |   273 ||   452
Block: Buckler           |    47 |    24 |       ||    71

Table legend: (Time is in decaauts)
 A = Elapsed time spent in this place.
 B = Non-inter-level travel time spent in this place.
 C = Inter-level travel time spent in this place.
 D = Time resting spent in this place.
 E = Time spent auto-exploring this place.
 F = Levels seen in this place.
 G = Mean time per level.
                   A        B        C        D        E       F      G
               +--------+--------+--------+--------+--------+-----+--------+
         Total |   8452 |   8284 |    168 |   2009 |   4340 |   6 | 1408.7 |
       Dungeon |   8021 |   7853 |    168 |   1994 |   4246 |   5 | 1604.2 |
         Sewer |    431 |    431 |      0 |     15 |     94 |   1 |  431.0 |
               +--------+--------+--------+--------+--------+-----+--------+

Top non-repeatable levels by time:
     D:3: 3457 daAuts
     D:4: 1740 daAuts
     D:2: 1333 daAuts
     D:1: 1053 daAuts
     D:5: 437 daAuts
   Sewer: 431 daAuts
